Stars vs Capitals
Created - March 23, 2020 at 19:00
Goals
|
| Stars |
2 |
0 |
0 |
2 |
| Capitals |
0 |
4 |
1 |
5 |
|
Shots
|
| Stars |
8 |
12 |
12 |
32 |
| Capitals |
9 |
17 |
7 |
33 |
|
1st period
1. Stars , John Tavares 28 (Guillaume Latendresse 33) at 9:51
2. Stars , Cory Emmerton 7 (Brian Lee 28) at 10:00
Penalties :
Mikko Koivu (Was) for Tripping (Minor) at 3:59, Cory Emmerton (Dal) for Interference (Minor) at 13:18, Thomas Vanek (Was) for Hooking (Minor) at 17:09
2nd period
3. Capitals , Pernell Karl Subban 4 (Jason Pominville 30) at 0:04
4. Capitals , Mikko Koivu 10 (Brian McGrattan 12, Peter Worrell 11) at 12:14
5. Capitals , Jason Pominville 18 (Joe Thornton 39, Pernell Karl Subban 18) at 15:48 (PP)
6. Capitals , Jason Pominville 19 (Brent Burns 26, Joe Thornton 40) at 19:44
Penalties :
Thomas Vanek (Was) for Hooking (Minor) at 4:32, Boris Valabik (Dal) for Checking from behind (Minor) at 15:19
3rd period
7. Capitals , Torey Krug 3 (Thomas Vanek 11, Joe Pavelski 28) at 9:24
Penalties :
Peter Worrell (Was) for Roughing (Minor) at 1:04, Ryan Suter (Was) for Roughing (Minor) at 13:55
Goalie Stats
Cory Schneider (Dal), 28 saves from 33 shots - (0.848), L, 33-16-2, 60:00 minutes
Tuukka Rask (Was), 30 saves from 32 shots - (0.938), W, 18-15-4, 60:00 minutes
Players Stats for Stars
Player Name G A P +/- PIM S H SB GA TA FO MP PP MP PK MP
------------------------------------------------------------------------------------
Alex Chiasson 0 0 0 0 0 2 1 1 0 0 0/0 16:25 4:20 0:00
Alexander Frolov 0 0 0 -1 0 2 0 0 0 0 0/0 11:17 0:00 0:50
Andrej Sustr 0 0 0 1 0 0 0 0 0 0 0/0 11:26 0:00 0:00
B.J. Crombeen 0 0 0 -1 0 1 0 0 0 0 1/1 10:26 0:00 0:00
Boris Valabik 0 0 0 -3 2 0 2 2 1 2 0/0 21:47 5:04 0:59
Brian Lee 0 1 1 0 0 1 2 0 0 2 0/0 26:46 4:51 1:29
Cam Atkinson 0 0 0 0 0 4 1 1 0 0 0/0 8:00 0:00 0:00
Cory Emmerton 1 0 1 0 2 1 0 0 0 1 7/14 16:25 4:20 0:00
Dana Tyrell 0 0 0 0 0 0 2 0 0 0 0/4 8:12 0:00 0:12
Evgeny Grachev 0 0 0 -1 0 2 2 0 0 0 3/4 10:57 0:00 0:31
Guillaume Latendresse 0 1 1 -1 0 4 1 5 1 1 1/2 24:01 5:35 1:21
Ian White 0 0 0 0 0 2 3 2 0 0 0/0 26:46 4:51 1:29
John Tavares 1 0 1 -1 0 6 2 0 1 1 16/38 24:10 5:35 1:30
Johnny Oduya 0 0 0 -3 0 2 2 0 1 1 0/0 21:48 5:04 0:59
Jussi Jokinen 0 0 0 0 0 2 4 0 0 0 0/0 16:58 4:20 0:32
Michael Grabner 0 0 0 -1 0 1 3 2 0 1 1/1 22:40 5:35 0:00
Ted Purcell 0 0 0 0 0 0 1 0 0 0 0/1 8:00 0:00 0:00
Tyson Barrie 0 0 0 1 0 2 0 0 1 0 0/0 11:26 0:00 0:00
Players Stats for Capitals
Player Name G A P +/- PIM S H SB GA TA FO MP PP MP PK MP
------------------------------------------------------------------------------------
Brent Burns 0 1 1 1 0 1 1 2 0 0 0/0 28:15 1:39 5:26
Brian McGrattan 0 1 1 0 0 2 2 0 1 0 0/0 14:42 0:20 1:52
Dan Hamhuis 0 0 0 1 0 0 3 1 0 0 0/0 21:03 0:49 4:26
Jason Pominville 2 1 3 1 0 4 2 0 3 0 3/4 18:47 1:08 4:23
Jeff Skinner 0 0 0 0 0 1 0 0 0 0 0/0 4:47 0:20 0:00
Joe Pavelski 0 1 1 1 0 4 6 1 0 0 0/0 18:02 1:00 2:36
Joe Thornton 0 2 2 1 0 1 0 2 2 0 25/39 24:59 1:08 5:27
Mikko Koivu 1 0 1 0 2 3 1 0 0 0 2/6 12:40 0:20 0:26
Ondrej Palat 0 0 0 0 0 0 0 0 0 0 0/1 8:04 0:00 1:54
Patrick Sharp 0 0 0 1 0 3 1 1 0 0 0/0 17:25 1:08 2:36
Pernell Karl Subban 1 1 2 1 0 4 1 1 0 1 0/0 28:51 1:39 5:29
Peter Worrell 0 1 1 0 2 0 1 0 0 2 0/1 13:12 0:00 0:36
Roman Josi 0 0 0 0 0 1 1 1 0 0 0/0 10:52 0:00 0:13
Ryan Getzlaf 0 0 0 1 0 4 2 1 0 1 6/11 15:13 1:00 0:00
Ryan Suter 0 0 0 0 2 0 1 1 0 0 0/0 10:18 0:00 0:00
T.J. Oshie 0 0 0 0 0 1 2 0 1 0 0/0 6:10 0:00 0:00
Thomas Vanek 0 1 1 1 4 0 2 2 0 0 0/3 15:47 1:00 0:00
Torey Krug 1 0 1 1 0 4 0 1 2 1 0/0 20:53 0:49 4:16
3 Stars
1 - Jason Pominville (Was)
2 - Pernell Karl Subban (Was)
3 - Joe Pavelski (Was)
Power Play
Stars - 0 on 5 Attempt(s) - 0.00%
Capitals - 1 on 2 Attempt(s) - 50.00%
Penalty Kill
Stars - 1 on 2 Attempt(s) - 50.00%
- Score 0 goal in Penalty Kill
Capitals - 5 on 5 Attempt(s) - 100.00%
- Score 0 goal in Penalty Kill
Team Stat
Stars - Hits : 26 - Faceoff Wins : 29 - Blocked Shots : 13 - Penalty Minutes : 4
Capitals - Hits : 26 - Faceoff Wins : 36 - Blocked Shots : 14 - Penalty Minutes : 10
Official
Referees : Unknown
Linesman : Unknown
Game Notes
Jason Pominville is injured at 9:59 of 3rd period (Bruised Left Arm)
Finance
Level 1 -- Attendance: 6000 (100.00%) -- Ticket Income $612,000
Level 2 -- Attendance: 5000 (100.00%) -- Ticket Income $260,000
Level 3 -- Attendance: 1856 (92.80%) -- Ticket Income $77,952
Level 4 -- Attendance: 4000 (100.00%) -- Ticket Income $104,000
Luxury Box -- Attendance: 747 (74.70%) -- Ticket Income $144,171
Game was played at the Verizon Center.
Total Attendance: 17603 (97.79%)
Total Ticket Income: $1,198,123
Other Income: $179,718
Total Income: $1,377,841
Stars
5 vs 5 Forward
Center Left Wing Right Wing Time % Phy DF OF
1 John Tavares Guillaume Latendresse Michael Grabner 40 1 2 2
2 Cory Emmerton Jussi Jokinen Alex Chiasson 30 1 2 2
3 Evgeny Grachev Alexander Frolov B.J. Crombeen 20 1 2 2
4 Dana Tyrell Ted Purcell Cam Atkinson 10 1 2 2
5 vs 5 Defense
Defense Defense Time % Phy DF OF
1 Ian White Brian Lee 40 1 2 2
2 Boris Valabik Johnny Oduya 30 1 2 2
3 Andrej Sustr Tyson Barrie 20 1 2 2
4 Ian White Brian Lee 10 1 2 2
PowerPlay Forward
Center Left Wing Right Wing Time % Phy DF OF
1 John Tavares Guillaume Latendresse Michael Grabner 60 0 2 3
2 Cory Emmerton Jussi Jokinen Alex Chiasson 40 0 2 3
PowerPlay Defense
Defense Defense Time % Phy DF OF
1 Ian White Brian Lee 60 0 2 3
2 Boris Valabik Johnny Oduya 40 0 2 3
Penalty Kill 4 Players Forward
Center Wing Time % Phy DF OF
1 John Tavares Guillaume Latendresse 60 0 3 2
2 Jussi Jokinen Alexander Frolov 40 0 3 2
Penalty Kill 4 Players Defense
Defense Defense Time % Phy DF OF
1 Ian White Brian Lee 60 0 3 2
2 Boris Valabik Johnny Oduya 40 0 3 2
Penalty Kill - 3 Players Forward
Forward Time % Phy DF OF
1 John Tavares 60 0 3 2
2 Guillaume Latendresse 40 0 3 2
Penalty Kill - 3 Players Defense
Defense Defense Time % Phy DF OF
1 Ian White Brian Lee 60 0 3 2
2 Boris Valabik Johnny Oduya 40 0 3 2
4 vs 4 Forward
Center Wing Time % Phy DF OF
1 John Tavares Guillaume Latendresse 60 1 2 2
2 Jussi Jokinen Alexander Frolov 40 1 2 2
4 vs 4 Defense
Defense Defense Time % Phy DF OF
1 Ian White Brian Lee 60 1 2 2
2 Boris Valabik Johnny Oduya 40 1 2 2
Last Minutes Offensive
Center Left Wing Right Wing Defense Defense
John Tavares Guillaume Latendresse Michael Grabner Ian White Brian Lee
Last Minutes Defensive
Center Left Wing Right Wing Defense Defense
John Tavares Guillaume Latendresse Michael Grabner Ian White Brian Lee
Goaltenders
Starting : Cory Schneider
Backup : Brian Elliott
Extra Forwards
Normal : Ted Purcell, B.J. Crombeen, Evgeny Grachev - PP : Ted Purcell, B.J. Crombeen - PK : Evgeny Grachev
Extra Defensemen
Normal : Andrej Sustr, Tyson Barrie, Boris Valabik - PP : Andrej Sustr - PK : Tyson Barrie, Boris Valabik
Penalty Shots
John Tavares, Guillaume Latendresse, Jussi Jokinen, Alexander Frolov, Michael Grabner
Scratches
Antoine Vermette (Healthy), Niklas Hjalmarsson (Back Spasms Injury), Shawn Matthias (Healthy)
Capitals
5 vs 5 Forward
Center Left Wing Right Wing Time % Phy DF OF
1 Joe Thornton Patrick Sharp Jason Pominville 40 1 2 2
2 Ryan Getzlaf Thomas Vanek Joe Pavelski 30 1 2 2
3 Mikko Koivu Peter Worrell Brian McGrattan 20 1 2 2
4 Joe Thornton Ondrej Palat T.J. Oshie 10 1 2 2
5 vs 5 Defense
Defense Defense Time % Phy DF OF
1 Brent Burns Pernell Karl Subban 40 1 2 2
2 Torey Krug Dan Hamhuis 30 1 2 2
3 Ryan Suter Roman Josi 20 1 2 2
4 Brent Burns Pernell Karl Subban 10 1 2 2
PowerPlay Forward
Center Left Wing Right Wing Time % Phy DF OF
1 Joe Thornton Patrick Sharp Jason Pominville 60 1 2 2
2 Ryan Getzlaf Thomas Vanek Joe Pavelski 40 1 2 2
PowerPlay Defense
Defense Defense Time % Phy DF OF
1 Brent Burns Pernell Karl Subban 60 1 2 2
2 Torey Krug Dan Hamhuis 40 1 2 2
Penalty Kill 4 Players Forward
Center Wing Time % Phy DF OF
1 Joe Thornton Jason Pominville 60 1 2 2
2 Joe Pavelski Patrick Sharp 40 1 2 2
Penalty Kill 4 Players Defense
Defense Defense Time % Phy DF OF
1 Brent Burns Pernell Karl Subban 60 1 2 2
2 Torey Krug Dan Hamhuis 40 1 2 2
Penalty Kill - 3 Players Forward
Forward Time % Phy DF OF
1 Joe Thornton 60 1 2 2
2 Jason Pominville 40 1 2 2
Penalty Kill - 3 Players Defense
Defense Defense Time % Phy DF OF
1 Brent Burns Pernell Karl Subban 60 1 2 2
2 Torey Krug Dan Hamhuis 40 1 2 2
4 vs 4 Forward
Center Wing Time % Phy DF OF
1 Joe Thornton Jason Pominville 60 1 2 2
2 Joe Pavelski Patrick Sharp 40 1 2 2
4 vs 4 Defense
Defense Defense Time % Phy DF OF
1 Brent Burns Pernell Karl Subban 60 1 2 2
2 Torey Krug Dan Hamhuis 40 1 2 2
Last Minutes Offensive
Center Left Wing Right Wing Defense Defense
Joe Thornton Patrick Sharp Jason Pominville Brent Burns Pernell Karl Subban
Last Minutes Defensive
Center Left Wing Right Wing Defense Defense
Joe Thornton Patrick Sharp Jason Pominville Brent Burns Pernell Karl Subban
Goaltenders
Starting : Tuukka Rask
Backup : Mike Smith
Extra Forwards
Normal : Jeff Skinner, Mikko Koivu, Brian McGrattan - PP : Jeff Skinner, Mikko Koivu - PK : Brian McGrattan
Extra Defensemen
Normal : Ryan Suter, Roman Josi, Torey Krug - PP : Ryan Suter - PK : Roman Josi, Torey Krug
Penalty Shots
Joe Thornton, Jason Pominville, Joe Pavelski, Patrick Sharp, Thomas Vanek
Scratches
Josh Manson (Right Leg Injury), Ryan Nugent-Hopkins (Healthy)
% Time on Ice - Stars
Lines # - Real PCT - Wanted PCT - Time Play
Normal Forward
1 - 36% - 40% - 17:05
2 - 25% - 30% - 12:06
3 - 22% - 20% - 10:26
4 - 17% - 10% - 8:00
Normal Defense
1 - 39% - 40% - 18:46
2 - 33% - 30% - 15:45
3 - 24% - 20% - 11:26
4 - 4% - 10% - 1:40
PP Forward
1 - 56% - 60% - 5:35
2 - 44% - 40% - 4:20
PP Defense
1 - 49% - 60% - 4:51
2 - 51% - 40% - 5:04
PK Forward
1 - 78% - 60% - 1:56
2 - 22% - 40% - 0:32
PK Defense
1 - 60% - 60% - 1:29
2 - 40% - 40% - 0:59
PK3 Forward
1 - 0% - 60%
2 - 0% - 40%
PK3 Defense
1 - 0% - 60%
2 - 0% - 40%
44 Forward
1 - 0% - 60%
2 - 0% - 40%
44 Defense
1 - 0% - 60%
2 - 0% - 40%
Last Minute Offensive - 0:00
Last Minute Defensive - 0:00
Total
Forward - 60:00
Defense - 60:00
|
% Time on Ice - Capitals
Lines # - Real PCT - Wanted PCT - Time Play
Normal Forward
1 - 32% - 40% - 15:07
2 - 30% - 30% - 14:26
3 - 25% - 20% - 11:54
4 - 13% - 10% - 6:10
Normal Defense
1 - 40% - 40% - 18:52
2 - 33% - 30% - 15:48
3 - 21% - 20% - 10:06
4 - 6% - 10% - 2:51
PP Forward
1 - 59% - 60% - 1:28
2 - 41% - 40% - 1:00
PP Defense
1 - 67% - 60% - 1:39
2 - 33% - 40% - 0:49
PK Forward
1 - 74% - 60% - 7:19
2 - 26% - 40% - 2:36
PK Defense
1 - 57% - 60% - 5:39
2 - 43% - 40% - 4:16
PK3 Forward
1 - 0% - 60%
2 - 0% - 40%
PK3 Defense
1 - 0% - 60%
2 - 0% - 40%
44 Forward
1 - 0% - 60%
2 - 0% - 40%
44 Defense
1 - 0% - 60%
2 - 0% - 40%
Last Minute Offensive - 0:00
Last Minute Defensive - 0:00
Total
Forward - 60:00
Defense - 60:00
|
Play-by-Play
1st period
0:01 of 1st period - John Tavares wins face-off versus Joe Thornton in neutral zone.
0:15 of 1st period - Snap shot by John Tavares.
0:15 of 1st period - Deflect By Michael Grabner.
0:15 of 1st period - Shot Blocked by Patrick Sharp.
0:15 of 1st period - Puck is out of play.
0:16 of 1st period - Cory Emmerton wins face-off versus Ryan Getzlaf in Capitals zone.
0:44 of 1st period - Icing by Alexander Frolov.
0:45 of 1st period - Evgeny Grachev wins face-off versus Mikko Koivu in Stars zone.
1:01 of 1st period - Wrist shot by Alexander Frolov.
1:01 of 1st period - Shot Blocked by Ryan Suter.
1:41 of 1st period - Snap shot by Alexander Frolov.
1:41 of 1st period - Stopped by Tuukka Rask without a rebound.
1:42 of 1st period - Jason Pominville wins face-off versus John Tavares in Capitals zone.
1:47 of 1st period - Wrist shot by John Tavares.
1:47 of 1st period - Stopped by Tuukka Rask with a rebound.
2:31 of 1st period - Snap shot by Cam Atkinson.
2:31 of 1st period - Stopped by Tuukka Rask without a rebound.
2:32 of 1st period - Joe Thornton wins face-off versus Dana Tyrell in Capitals zone.
2:32 of 1st period - Joe Thornton is hit by Boris Valabik.
2:35 of 1st period - Icing by Patrick Sharp.
2:36 of 1st period - Joe Thornton wins face-off versus Dana Tyrell in Capitals zone.
2:47 of 1st period - Wrist shot by Patrick Sharp.
2:47 of 1st period - Stopped by Cory Schneider without a rebound.
2:48 of 1st period - John Tavares wins face-off versus Ondrej Palat in Stars zone.
3:03 of 1st period - Wrist shot by T.J. Oshie.
3:03 of 1st period - Shot Blocked by Guillaume Latendresse.
3:59 of 1st period - Minor Penalty to Mikko Koivu for Tripping.
4:00 of 1st period - John Tavares wins face-off versus Joe Thornton in Capitals zone.
4:25 of 1st period - Pernell Karl Subban is hit by Johnny Oduya and loses puck.
4:31 of 1st period - Off-side.
4:32 of 1st period - John Tavares wins face-off versus Joe Thornton in neutral zone.
4:39 of 1st period - Wrist shot by Guillaume Latendresse.
4:39 of 1st period - Stopped by Tuukka Rask without a rebound.
4:40 of 1st period - Joe Thornton wins face-off versus John Tavares in Capitals zone.
5:13 of 1st period - Slapshot by Ian White.
5:13 of 1st period - Stopped by Tuukka Rask without a rebound.
5:14 of 1st period - Joe Thornton wins face-off versus Cory Emmerton in Capitals zone.
5:59 of 1st period - Penalty to Mikko Koivu is over, Mikko Koivu is back on ice.
6:08 of 1st period - Snap shot by Ryan Getzlaf.
6:08 of 1st period - Stopped by Cory Schneider without a rebound.
6:09 of 1st period - Ryan Getzlaf wins face-off versus John Tavares in Stars zone.
6:12 of 1st period - Snap shot by Ryan Getzlaf.
6:12 of 1st period - Stopped by Cory Schneider with a rebound.
7:04 of 1st period - Slapshot by Ryan Suter.
7:04 of 1st period - Shot Blocked by Boris Valabik.
7:32 of 1st period - Brian Lee is hit by Ryan Suter and loses puck.
7:45 of 1st period - Wrist shot by Mikko Koivu.
7:45 of 1st period - Stopped by Cory Schneider without a rebound.
7:46 of 1st period - John Tavares wins face-off versus Mikko Koivu in Stars zone.
7:55 of 1st period - Pernell Karl Subban is hit by John Tavares and loses puck.
8:26 of 1st period - Guillaume Latendresse is hit by Brian McGrattan and loses puck.
8:33 of 1st period - Snap shot by Brian McGrattan.
8:33 of 1st period - Shot Misses the Net.
8:35 of 1st period - Wrist shot by Mikko Koivu.
8:35 of 1st period - Shot Blocked by Michael Grabner.
8:37 of 1st period - Slapshot by Brent Burns.
8:37 of 1st period - Shot Blocked by Guillaume Latendresse.
8:39 of 1st period - Slapshot by Brent Burns.
8:39 of 1st period - Stopped by Cory Schneider with a rebound.
8:41 of 1st period - Snap shot by Pernell Karl Subban.
8:41 of 1st period - Shot Misses the Net.
8:53 of 1st period - Snap shot by Brian McGrattan.
8:53 of 1st period - Shot Misses the Net.
9:51 of 1st period - Wrist shot by John Tavares.
9:51 of 1st period - Goal by John Tavares - Stars : 1 - Capitals : 0.
9:52 of 1st period - Cory Emmerton wins face-off versus Joe Thornton in neutral zone.
9:55 of 1st period - Patrick Sharp is hit by Brian Lee and loses puck.
10:00 of 1st period - Wrist shot by Cory Emmerton.
10:00 of 1st period - Goal by Cory Emmerton - Stars : 2 - Capitals : 0.
10:01 of 1st period - Joe Thornton wins face-off versus Cory Emmerton in neutral zone.
10:41 of 1st period - Wrist shot by Joe Pavelski.
10:41 of 1st period - Stopped by Cory Schneider with a rebound.
11:22 of 1st period - Ian White is hit by Ryan Getzlaf and loses puck.
12:05 of 1st period - Icing by Andrej Sustr.
12:06 of 1st period - Evgeny Grachev wins face-off versus Peter Worrell in Stars zone.
12:17 of 1st period - Slapshot by John Tavares.
12:17 of 1st period - Stopped by Tuukka Rask without a rebound.
12:18 of 1st period - Joe Thornton wins face-off versus Cory Emmerton in Capitals zone.
12:18 of 1st period - Joe Thornton is hit by Alex Chiasson.
12:26 of 1st period - Wrist shot by Patrick Sharp.
12:26 of 1st period - Deflect By Cory Emmerton.
12:26 of 1st period - Stopped by Cory Schneider without a rebound.
12:27 of 1st period - Joe Thornton wins face-off versus Cory Emmerton in Stars zone.
12:37 of 1st period - Snap shot by Joe Thornton.
12:37 of 1st period - Shot Misses the Net.
12:55 of 1st period - Slapshot by Jason Pominville.
12:55 of 1st period - Shot Misses the Net.
13:18 of 1st period - Minor Penalty to Cory Emmerton for Interference.
13:19 of 1st period - John Tavares wins face-off versus Ryan Getzlaf in Stars zone.
13:41 of 1st period - Boris Valabik is hit by Pernell Karl Subban and loses puck.
15:09 of 1st period - Jussi Jokinen is hit by Dan Hamhuis and loses puck.
15:18 of 1st period - Penalty to Cory Emmerton is over, Cory Emmerton is back on ice.
15:24 of 1st period - Ian White is hit by T.J. Oshie and loses puck.
15:33 of 1st period - Ted Purcell is hit by Brian McGrattan and loses puck.
17:09 of 1st period - Minor Penalty to Thomas Vanek for Hooking.
17:10 of 1st period - Michael Grabner wins face-off versus Joe Thornton in Capitals zone.
17:37 of 1st period - Dan Hamhuis is hit by Jussi Jokinen and loses puck.
18:31 of 1st period - Alex Chiasson is hit by Patrick Sharp and loses puck.
18:54 of 1st period - Michael Grabner is hit by Joe Pavelski and loses puck.
19:09 of 1st period - Penalty to Thomas Vanek is over, Thomas Vanek is back on ice.
19:25 of 1st period - Ryan Getzlaf is hit by Evgeny Grachev and loses puck.
19:41 of 1st period - Off-side.
19:42 of 1st period - Mikko Koivu wins face-off versus Ted Purcell in neutral zone.
19:53 of 1st period - Wrist shot by Brian McGrattan.
19:53 of 1st period - Stopped by Cory Schneider with a rebound.
19:55 of 1st period - Slapshot by Torey Krug.
19:55 of 1st period - Stopped by Cory Schneider with a rebound.
Goals for this period are 2 for Stars vs 0 for Capitals.
Shots for this period are 8 for Stars vs 9 for Capitals.
2nd period
0:01 of 2nd period - Jason Pominville wins face-off versus John Tavares in neutral zone.
0:04 of 2nd period - Slapshot by Pernell Karl Subban.
0:04 of 2nd period - Goal by Pernell Karl Subban - Stars : 2 - Capitals : 1.
0:05 of 2nd period - Joe Thornton wins face-off versus John Tavares in neutral zone.
0:19 of 2nd period - Slapshot by Brian Lee.
0:19 of 2nd period - Stopped by Tuukka Rask without a rebound.
0:20 of 2nd period - Joe Thornton wins face-off versus John Tavares in Capitals zone.
0:20 of 2nd period - Joe Thornton is hit by Michael Grabner.
0:34 of 2nd period - Snap shot by John Tavares.
0:34 of 2nd period - Stopped by Tuukka Rask with a rebound.
1:06 of 2nd period - Slapshot by Cam Atkinson.
1:06 of 2nd period - Stopped by Tuukka Rask with a rebound.
1:34 of 2nd period - Wrist shot by Evgeny Grachev.
1:34 of 2nd period - Stopped by Tuukka Rask without a rebound.
1:35 of 2nd period - Joe Thornton wins face-off versus John Tavares in Capitals zone.
1:42 of 2nd period - Guillaume Latendresse is hit by Dan Hamhuis and loses puck.
2:50 of 2nd period - Joe Pavelski is hit by Cam Atkinson and loses puck.
3:10 of 2nd period - Snap shot by Michael Grabner.
3:10 of 2nd period - Shot Misses the Net.
4:20 of 2nd period - Slapshot by Michael Grabner.
4:20 of 2nd period - Shot Blocked by Ryan Getzlaf.
4:32 of 2nd period - Minor Penalty to Thomas Vanek for Hooking.
4:33 of 2nd period - John Tavares wins face-off versus Joe Thornton in Capitals zone.
4:38 of 2nd period - Snap shot by Guillaume Latendresse.
4:38 of 2nd period - Shot Misses the Net.
4:40 of 2nd period - Slapshot by Ian White.
4:40 of 2nd period - Shot Blocked by Brent Burns.
5:12 of 2nd period - Wrist shot by Joe Pavelski.
5:12 of 2nd period - Shot Blocked by Ian White.
5:14 of 2nd period - Snap shot by Joe Pavelski.
5:14 of 2nd period - Stopped by Cory Schneider with a rebound.
6:00 of 2nd period - Michael Grabner is hit by Dan Hamhuis and loses puck.
6:32 of 2nd period - Penalty to Thomas Vanek is over, Thomas Vanek is back on ice.
6:40 of 2nd period - Brent Burns is hit by Dana Tyrell and loses puck.
7:07 of 2nd period - Wrist shot by Brian McGrattan.
7:07 of 2nd period - Stopped by Cory Schneider without a rebound.
7:08 of 2nd period - B.J. Crombeen wins face-off versus Joe Thornton in Stars zone.
7:33 of 2nd period - Brian Lee is hit by Ryan Getzlaf and loses puck.
7:40 of 2nd period - Wrist shot by Joe Pavelski.
7:40 of 2nd period - Stopped by Cory Schneider without a rebound.
7:41 of 2nd period - Ryan Getzlaf wins face-off versus Cory Emmerton in Stars zone.
7:46 of 2nd period - Snap shot by Thomas Vanek.
7:46 of 2nd period - Shot Misses the Net.
8:13 of 2nd period - Torey Krug is hit by Michael Grabner and loses puck.
8:48 of 2nd period - Brent Burns is hit by Ian White and loses puck.
8:55 of 2nd period - Wrist shot by Cam Atkinson.
8:55 of 2nd period - Shot Misses the Net.
9:37 of 2nd period - Wrist shot by Brian McGrattan.
9:37 of 2nd period - Shot Blocked by Michael Grabner.
9:39 of 2nd period - Slapshot by Pernell Karl Subban.
9:39 of 2nd period - Stopped by Cory Schneider without a rebound.
9:40 of 2nd period - John Tavares wins face-off versus Thomas Vanek in Stars zone.
9:50 of 2nd period - Icing by Boris Valabik.
9:51 of 2nd period - Joe Thornton wins face-off versus John Tavares in Stars zone.
9:52 of 2nd period - Backhand shot by Jason Pominville.
9:52 of 2nd period - Shot Blocked by Guillaume Latendresse.
9:58 of 2nd period - Joe Thornton is hit by Guillaume Latendresse and loses puck.
10:13 of 2nd period - Slapshot by John Tavares.
10:13 of 2nd period - Shot Blocked by Dan Hamhuis.
10:15 of 2nd period - Slapshot by Boris Valabik.
10:15 of 2nd period - Shot Misses the Net.
10:17 of 2nd period - Slapshot by John Tavares.
10:17 of 2nd period - Shot Misses the Net.
10:19 of 2nd period - Slapshot by Johnny Oduya.
10:19 of 2nd period - Stopped by Tuukka Rask without a rebound.
10:20 of 2nd period - Cory Emmerton wins face-off versus Joe Thornton in Capitals zone.
10:30 of 2nd period - Wrist shot by Jussi Jokinen.
10:30 of 2nd period - Deflect By Alex Chiasson.
10:30 of 2nd period - Stopped by Tuukka Rask with a rebound.
10:32 of 2nd period - Wrist shot by Jussi Jokinen.
10:32 of 2nd period - Stopped by Tuukka Rask with a rebound.
10:34 of 2nd period - Wrist shot by Jussi Jokinen.
10:34 of 2nd period - Stopped by Tuukka Rask with a rebound.
11:09 of 2nd period - Off-side.
11:10 of 2nd period - John Tavares wins face-off versus Mikko Koivu in neutral zone.
11:15 of 2nd period - Slapshot by Johnny Oduya.
11:15 of 2nd period - Stopped by Tuukka Rask without a rebound.
11:16 of 2nd period - Joe Thornton wins face-off versus John Tavares in Capitals zone.
11:52 of 2nd period - Slapshot by Joe Pavelski.
11:52 of 2nd period - Shot Misses the Net.
11:54 of 2nd period - Slapshot by Pernell Karl Subban.
11:54 of 2nd period - Deflect By Jussi Jokinen.
11:54 of 2nd period - Stopped by Cory Schneider with a rebound.
12:14 of 2nd period - Snap shot by Brian McGrattan.
12:14 of 2nd period - Deflect By Mikko Koivu.
12:14 of 2nd period - Goal by Mikko Koivu - Stars : 2 - Capitals : 2.
12:15 of 2nd period - Joe Thornton wins face-off versus John Tavares in neutral zone.
12:18 of 2nd period - Snap shot by Brent Burns.
12:18 of 2nd period - Shot Hit the Post.
12:42 of 2nd period - Ian White is hit by Thomas Vanek and loses puck.
12:53 of 2nd period - Wrist shot by Joe Pavelski.
12:53 of 2nd period - Stopped by Cory Schneider without a rebound.
12:54 of 2nd period - Ryan Getzlaf wins face-off versus John Tavares in Stars zone.
13:01 of 2nd period - Wrist shot by Joe Pavelski.
13:01 of 2nd period - Shot Blocked by Guillaume Latendresse.
13:46 of 2nd period - Icing by B.J. Crombeen.
13:47 of 2nd period - Evgeny Grachev wins face-off versus Joe Thornton in Stars zone.
13:47 of 2nd period - Evgeny Grachev is hit by Jason Pominville.
13:57 of 2nd period - Snap shot by B.J. Crombeen.
13:57 of 2nd period - Shot Misses the Net.
14:02 of 2nd period - Icing by Jason Pominville.
14:03 of 2nd period - Guillaume Latendresse wins face-off versus Jason Pominville in Capitals zone.
14:04 of 2nd period - Slapshot by John Tavares.
14:04 of 2nd period - Stopped by Tuukka Rask with a rebound.
14:35 of 2nd period - Ian White is hit by Joe Pavelski and loses puck.
14:58 of 2nd period - Snap shot by B.J. Crombeen.
14:58 of 2nd period - Shot Misses the Net.
15:00 of 2nd period - Slapshot by B.J. Crombeen.
15:00 of 2nd period - Stopped by Tuukka Rask without a rebound.
15:01 of 2nd period - Joe Thornton wins face-off versus John Tavares in Capitals zone.
15:10 of 2nd period - Snap shot by Jason Pominville.
15:10 of 2nd period - Shot Blocked by Guillaume Latendresse.
15:12 of 2nd period - Snap shot by Roman Josi.
15:12 of 2nd period - Stopped by Cory Schneider with a rebound.
15:14 of 2nd period - Wrist shot by Patrick Sharp.
15:14 of 2nd period - Stopped by Cory Schneider without a rebound.
15:15 of 2nd period - Joe Thornton wins face-off versus John Tavares in Stars zone.
15:19 of 2nd period - Minor Penalty to Boris Valabik for Checking from behind.
15:20 of 2nd period - Joe Thornton wins face-off versus John Tavares in Stars zone.
15:27 of 2nd period - Off-side.
15:28 of 2nd period - Joe Thornton wins face-off versus John Tavares in neutral zone.
15:38 of 2nd period - Icing by Patrick Sharp.
15:39 of 2nd period - Joe Thornton wins face-off versus Guillaume Latendresse in Capitals zone.
15:44 of 2nd period - Slapshot by Pernell Karl Subban.
15:44 of 2nd period - Shot Blocked by Ian White.
15:46 of 2nd period - Wrist shot by Joe Thornton.
15:46 of 2nd period - Shot Misses the Net.
15:48 of 2nd period - Snap shot by Jason Pominville.
15:48 of 2nd period - Goal by Jason Pominville - Stars : 2 - Capitals : 3.
15:49 of 2nd period - John Tavares wins face-off versus Joe Thornton in neutral zone.
15:53 of 2nd period - Off-side.
15:54 of 2nd period - Joe Thornton wins face-off versus John Tavares in neutral zone.
16:05 of 2nd period - Wrist shot by Jason Pominville.
16:05 of 2nd period - Stopped by Cory Schneider with a rebound.
16:07 of 2nd period - Snap shot by Joe Thornton.
16:07 of 2nd period - Shot Hit the Post.
16:09 of 2nd period - Wrist shot by Pernell Karl Subban.
16:09 of 2nd period - Stopped by Cory Schneider without a rebound.
16:10 of 2nd period - Cory Emmerton wins face-off versus Ryan Getzlaf in Stars zone.
16:10 of 2nd period - Cory Emmerton is hit by Thomas Vanek.
16:18 of 2nd period - Pernell Karl Subban is hit by Ian White and loses puck.
16:47 of 2nd period - Slapshot by John Tavares.
16:47 of 2nd period - Shot Blocked by Joe Thornton.
16:49 of 2nd period - Wrist shot by Michael Grabner.
16:49 of 2nd period - Stopped by Tuukka Rask with a rebound.
17:44 of 2nd period - Cory Emmerton is hit by Joe Pavelski and loses puck.
17:59 of 2nd period - Peter Worrell is hit by John Tavares and loses puck.
18:43 of 2nd period - Icing by Cam Atkinson.
18:44 of 2nd period - Ryan Getzlaf wins face-off versus Dana Tyrell in Stars zone.
19:18 of 2nd period - Snap shot by Jason Pominville.
19:18 of 2nd period - Stopped by Cory Schneider without a rebound.
19:19 of 2nd period - Cory Emmerton wins face-off versus Ryan Getzlaf in Stars zone.
19:28 of 2nd period - Wrist shot by Ryan Getzlaf.
19:28 of 2nd period - Stopped by Cory Schneider with a rebound.
19:30 of 2nd period - Slapshot by Torey Krug.
19:30 of 2nd period - Stopped by Cory Schneider without a rebound.
19:31 of 2nd period - John Tavares wins face-off versus Joe Thornton in Stars zone.
19:44 of 2nd period - Snap shot by Jason Pominville.
19:44 of 2nd period - Goal by Jason Pominville - Stars : 2 - Capitals : 4.
19:45 of 2nd period - John Tavares wins face-off versus Joe Thornton in neutral zone.
Goals for this period are 0 for Stars vs 4 for Capitals.
Shots for this period are 12 for Stars vs 17 for Capitals.
3rd period
0:01 of 3rd period - Joe Thornton wins face-off versus John Tavares in neutral zone.
1:04 of 3rd period - Minor Penalty to Peter Worrell for Roughing.
1:05 of 3rd period - Joe Thornton wins face-off versus John Tavares in Capitals zone.
1:39 of 3rd period - Slapshot by Alex Chiasson.
1:39 of 3rd period - Stopped by Tuukka Rask with a rebound.
2:19 of 3rd period - Dan Hamhuis is hit by Michael Grabner and loses puck.
3:04 of 3rd period - Penalty to Peter Worrell is over, Peter Worrell is back on ice.
3:48 of 3rd period - Pernell Karl Subban is hit by Evgeny Grachev and loses puck.
4:05 of 3rd period - Slapshot by Evgeny Grachev.
4:05 of 3rd period - Stopped by Tuukka Rask without a rebound.
4:06 of 3rd period - Ryan Getzlaf wins face-off versus Cory Emmerton in Capitals zone.
4:22 of 3rd period - Snap shot by Jussi Jokinen.
4:22 of 3rd period - Shot Misses the Net.
4:52 of 3rd period - Roman Josi is hit by Dana Tyrell and loses puck.
4:57 of 3rd period - Snap shot by Cam Atkinson.
4:57 of 3rd period - Shot Blocked by Joe Pavelski.
5:59 of 3rd period - Wrist shot by Ondrej Palat.
5:59 of 3rd period - Shot Blocked by Cam Atkinson.
6:19 of 3rd period - Brent Burns is hit by Jussi Jokinen and loses puck.
6:52 of 3rd period - Dana Tyrell is hit by Jason Pominville.
7:02 of 3rd period - Roman Josi is hit by Jussi Jokinen and loses puck.
7:27 of 3rd period - B.J. Crombeen is hit by Roman Josi and loses puck.
7:38 of 3rd period - Ian White is hit by T.J. Oshie and loses puck.
8:05 of 3rd period - Slapshot by Cory Emmerton.
8:05 of 3rd period - Shot Hit the Post.
8:07 of 3rd period - Slapshot by Ian White.
8:07 of 3rd period - Deflect By Brent Burns.
8:07 of 3rd period - Stopped by Tuukka Rask with a rebound.
8:09 of 3rd period - Snap shot by Jussi Jokinen.
8:09 of 3rd period - Shot Misses the Net.
8:27 of 3rd period - Slapshot by Ted Purcell.
8:27 of 3rd period - Shot Misses the Net.
8:29 of 3rd period - Snap shot by Ted Purcell.
8:29 of 3rd period - Shot Blocked by Pernell Karl Subban.
8:31 of 3rd period - Wrist shot by Dana Tyrell.
8:31 of 3rd period - Shot Misses the Net.
8:33 of 3rd period - Wrist shot by Dana Tyrell.
8:33 of 3rd period - Shot Blocked by Brent Burns.
8:35 of 3rd period - Slapshot by Tyson Barrie.
8:35 of 3rd period - Deflect By Brian McGrattan.
8:35 of 3rd period - Stopped by Tuukka Rask with a rebound.
8:37 of 3rd period - Slapshot by Andrej Sustr.
8:37 of 3rd period - Shot Misses the Net.
8:49 of 3rd period - Wrist shot by Boris Valabik.
8:49 of 3rd period - Shot Misses the Net.
8:51 of 3rd period - Slapshot by Boris Valabik.
8:51 of 3rd period - Shot Blocked by Torey Krug.
9:13 of 3rd period - Boris Valabik is hit by Joe Pavelski and loses puck.
9:18 of 3rd period - Snap shot by Joe Pavelski.
9:18 of 3rd period - Shot Blocked by Alex Chiasson.
9:22 of 3rd period - Wrist shot by Thomas Vanek.
9:22 of 3rd period - Shot Blocked by Boris Valabik.
9:24 of 3rd period - Wrist shot by Torey Krug.
9:24 of 3rd period - Deflect By Johnny Oduya.
9:24 of 3rd period - Goal by Torey Krug - Stars : 2 - Capitals : 5.
9:25 of 3rd period - John Tavares wins face-off versus Thomas Vanek in neutral zone.
9:41 of 3rd period - Slapshot by Ryan Getzlaf.
9:41 of 3rd period - Stopped by Cory Schneider with a rebound.
9:55 of 3rd period - Snap shot by Alexander Frolov.
9:55 of 3rd period - Stopped by Tuukka Rask with a rebound.
9:57 of 3rd period - Snap shot by Boris Valabik.
9:57 of 3rd period - Deflect By Evgeny Grachev.
9:57 of 3rd period - Shot Misses the Net.
9:57 of 3rd period - Puck is out of play.
9:58 of 3rd period - Jason Pominville wins face-off versus Evgeny Grachev in Capitals zone.
9:58 of 3rd period - Jason Pominville is hit by Boris Valabik.
9:59 of 3rd period - Jason Pominville from Capitals is injured at 9:59 of 3rd period (Bruised Left Arm).
10:00 of 3rd period - Joe Thornton wins face-off versus John Tavares in Capitals zone.
10:10 of 3rd period - Off-side.
10:11 of 3rd period - Joe Thornton wins face-off versus John Tavares in neutral zone.
10:14 of 3rd period - Wrist shot by Jeff Skinner.
10:14 of 3rd period - Stopped by Cory Schneider with a rebound.
10:43 of 3rd period - Wrist shot by Jussi Jokinen.
10:43 of 3rd period - Shot Misses the Net.
10:45 of 3rd period - Slapshot by Boris Valabik.
10:45 of 3rd period - Shot Misses the Net.
11:19 of 3rd period - Snap shot by Cam Atkinson.
11:19 of 3rd period - Shot Blocked by Joe Thornton.
11:37 of 3rd period - Slapshot by John Tavares.
11:37 of 3rd period - Stopped by Tuukka Rask without a rebound.
11:38 of 3rd period - John Tavares wins face-off versus Thomas Vanek in Capitals zone.
11:41 of 3rd period - Snap shot by Guillaume Latendresse.
11:41 of 3rd period - Shot Blocked by Thomas Vanek.
11:43 of 3rd period - Wrist shot by Guillaume Latendresse.
11:43 of 3rd period - Stopped by Tuukka Rask with a rebound.
11:45 of 3rd period - Snap shot by Guillaume Latendresse.
11:45 of 3rd period - Stopped by Tuukka Rask with a rebound.
11:47 of 3rd period - Slapshot by Ian White.
11:47 of 3rd period - Shot Blocked by Thomas Vanek.
11:57 of 3rd period - Snap shot by Guillaume Latendresse.
11:57 of 3rd period - Stopped by Tuukka Rask without a rebound.
11:58 of 3rd period - Cory Emmerton wins face-off versus Joe Thornton in Capitals zone.
12:24 of 3rd period - Ian White is hit by Joe Pavelski and loses puck.
12:52 of 3rd period - Backhand shot by Mikko Koivu.
12:52 of 3rd period - Stopped by Cory Schneider without a rebound.
12:53 of 3rd period - Cory Emmerton wins face-off versus Mikko Koivu in Stars zone.
12:53 of 3rd period - Cory Emmerton is hit by Brent Burns.
13:00 of 3rd period - Ian White is hit by Mikko Koivu and loses puck.
13:05 of 3rd period - Pernell Karl Subban is hit by Ian White and loses puck.
13:32 of 3rd period - Slapshot by Pernell Karl Subban.
13:32 of 3rd period - Deflect By Joe Thornton.
13:32 of 3rd period - Shot Misses the Net.
13:32 of 3rd period - Puck is out of play.
13:33 of 3rd period - John Tavares wins face-off versus Ryan Getzlaf in Stars zone.
13:33 of 3rd period - John Tavares is hit by Joe Pavelski.
13:55 of 3rd period - Minor Penalty to Ryan Suter for Roughing.
13:56 of 3rd period - Joe Thornton wins face-off versus John Tavares in Capitals zone.
14:21 of 3rd period - Joe Thornton is hit by Jussi Jokinen and loses puck.
15:55 of 3rd period - Penalty to Ryan Suter is over, Ryan Suter is back on ice.
16:05 of 3rd period - Snap shot by Cam Atkinson.
16:05 of 3rd period - Stopped by Tuukka Rask with a rebound.
16:07 of 3rd period - Slapshot by Tyson Barrie.
16:07 of 3rd period - Stopped by Tuukka Rask without a rebound.
16:08 of 3rd period - Mikko Koivu wins face-off versus Dana Tyrell in Capitals zone.
16:08 of 3rd period - Mikko Koivu is hit by Ted Purcell.
16:30 of 3rd period - Wrist shot by Cam Atkinson.
16:30 of 3rd period - Shot Blocked by Roman Josi.
17:10 of 3rd period - Ted Purcell is hit by Peter Worrell and loses puck.
17:27 of 3rd period - Snap shot by Cam Atkinson.
17:27 of 3rd period - Stopped by Tuukka Rask without a rebound.
17:28 of 3rd period - Joe Thornton wins face-off versus John Tavares in Capitals zone.
17:28 of 3rd period - Joe Thornton is hit by Brian Lee.
18:29 of 3rd period - Icing by Ondrej Palat.
18:30 of 3rd period - John Tavares wins face-off versus Joe Thornton in Capitals zone.
19:12 of 3rd period - Joe Thornton is hit by Johnny Oduya and loses puck.
19:51 of 3rd period - Wrist shot by Joe Thornton.
19:51 of 3rd period - Stopped by Cory Schneider with a rebound.
19:53 of 3rd period - Slapshot by T.J. Oshie.
19:53 of 3rd period - Deflect By John Tavares.
19:53 of 3rd period - Stopped by Cory Schneider with a rebound.
19:55 of 3rd period - Slapshot by Torey Krug.
19:55 of 3rd period - Stopped by Cory Schneider without a rebound.
19:56 of 3rd period - Ryan Getzlaf wins face-off versus Cory Emmerton in Stars zone.
Goals for this period are 0 for Stars vs 1 for Capitals.
Shots for this period are 12 for Stars vs 7 for Capitals.
Back to the Top